TOP OF THE 1ST |
Wilmington Bay Hawks batting - Pitching for Vermont Lake Monsters : RHP Jurgen Sagebrecht
|
Pitching: RHP Jurgen Sagebrecht
|
|
Batting: RHB Jaime Chavarriaga
|
0-0: Fly out, F8 (Line Drive, 8RD)
|
Batting: LHB Phil Parkinson
|
0-0: Foul Ball, location: 2F 0-1: Swinging Strike 0-2: Ball 1-2: Ball 2-2: Strikes out swinging
|
Batting: RHB Tanyu Kimura
|
0-0: Called Strike 0-1: Foul Ball, location: 2F 0-2: Ball 1-2: Foul Ball, location: 2F 1-2: Ball 2-2: Foul Ball, location: 2F 2-2: Foul Ball, location: 2F 2-2: Ball 3-2: Foul Ball, location: 2F 3-2: SINGLE (Line Drive, 8LS)
|
Batting: LHB Brad Lawrence
|
0-0: Called Strike 0-1: Ball 1-1: Ball 2-1: Foul Ball, location: 2F 2-2: Ground out 5-3 (Groundball, 5D)
|
Top of the 1st over - 0 run(s), 1 hit(s), 0 error(s), 1 left on base; Wilmington 0 - Vermont 0 |
BOTTOM OF THE 1ST |
Vermont Lake Monsters batting - Pitching for Wilmington Bay Hawks : RHP Riley Breckenridge
|
Pitching: RHP Riley Breckenridge
|
|
Batting: RHB Rafael Pueblo
|
0-0: Ground out U3 (Groundball, 3)
|
Batting: LHB Tim Hill
|
0-0: Ball 1-0: Ball 2-0: Foul Ball, location: 2F 2-1: SINGLE (Groundball, 3D)
|
Batting: RHB Ray John
|
0-0: Foul Ball, location: 2F 0-1: Called Strike 0-2: Ball 1-2: Ball 2-2: Foul Ball, location: 2F 2-2: Ball 3-2: Base on Balls Tim Hill to second
|
Batting: RHB Sean MacKnight
|
0-0: Ball 1-0: Called Strike 1-1: DOUBLE (Flyball, 78M) Tim Hill scores Ray John to third Runner from 3rd tries for Home, SAFE, throw made home
|
Batting: RHB Bronson Nicholls
|
0-0: Foul Ball, location: 2F 0-1: Called Strike 0-2: Ball 1-2: Ground out 6-3 (Groundball, 6)
|
Batting: RHB Domenic Gallard
|
0-0: Ball 1-0: SINGLE (Groundball, 6D) Sean MacKnight to third Runner from 3rd tries for Home, SAFE, no throw
|
Batting: RHB Barkley B. Cooltimes
|
0-0: Foul Ball, location: 2F 0-1: Foul Ball, location: 2F 0-2: Foul Ball, location: 2F 0-2: Ball 1-2: Ground out 5-3 (Groundball, 56S)
|
Bottom of the 1st over - 3 run(s), 3 hit(s), 0 error(s), 1 left on base; Wilmington 0 - Vermont 3 |
TOP OF THE 2ND |
Wilmington Bay Hawks batting - Pitching for Vermont Lake Monsters : RHP Jurgen Sagebrecht
|
Batting: RHB Byron Isaacson
|
0-0: Swinging Strike 0-1: Ground out 6-3 (Groundball, 6S)
|
Batting: RHB Artie Miller
|
0-0: Swinging Strike 0-1: Fly out, F8 (Flyball, 8LM)
|
Batting: RHB Raúl Javier Jr.
|
0-0: Called Strike 0-1: Ball 1-1: Ground out 4-3 (Groundball, 4)
|
Top of the 2nd over - 0 run(s), 0 hit(s), 0 error(s), 0 left on base; Wilmington 0 - Vermont 3 |
BOTTOM OF THE 2ND |
Vermont Lake Monsters batting - Pitching for Wilmington Bay Hawks : RHP Riley Breckenridge
|
Batting: RHB Teddy Pelham
|
0-0: Foul Ball, location: 2F 0-1: Swinging Strike 0-2: Ball 1-2: Strikes out swinging
|
Batting: RHB Fernando Castro
|
0-0: Called Strike 0-1: Foul Ball, location: 2F 0-2: Ball 1-2: Ball 2-2: Ground out 6-3 (Groundball, 6)
|
Batting: RHB Rafael Pueblo
|
0-0: Ground out 4-3 (Groundball, 4)
|
Bottom of the 2nd over - 0 run(s), 0 hit(s), 0 error(s), 0 left on base; Wilmington 0 - Vermont 3 |
TOP OF THE 3RD |
Wilmington Bay Hawks batting - Pitching for Vermont Lake Monsters : RHP Jurgen Sagebrecht
|
Batting: RHB Phil Terry
|
0-0: Foul Ball, location: 2F 0-1: Swinging Strike 0-2: Foul Ball, location: 2F 0-2: Foul Ball, location: 2F 0-2: SINGLE (Line Drive, 6MD)
|
Batting: RHB Clarence Therrien
|
0-0: Ball Phil Terry is caught stealing 2nd base 1-0: Swinging Strike 1-1: Called Strike 1-2: Strikes out swinging
|
Batting: RHB Jaime Chavarriaga
|
0-0: SINGLE (Groundball, 56D)
|
Batting: LHB Phil Parkinson
|
0-0: Called Strike 0-1: Called Strike 0-2: Fly out, F7 (Flyball, 7LMF)
|
Top of the 3rd over - 0 run(s), 2 hit(s), 0 error(s), 1 left on base; Wilmington 0 - Vermont 3 |
BOTTOM OF THE 3RD |
Vermont Lake Monsters batting - Pitching for Wilmington Bay Hawks : RHP Riley Breckenridge
|
Batting: LHB Tim Hill
|
0-0: Ball 1-0: Foul Ball, location: 2F 1-1: Swinging Strike 1-2: Ball 2-2: Fly out, F7 (Flyball, 78M)
|
Batting: RHB Ray John
|
0-0: SINGLE (Groundball, 6MD)
|
Batting: RHB Sean MacKnight
|
0-0: Called Strike 0-1: Ground out 5-3 (Groundball, 56S) Ray John to second
|
Batting: RHB Bronson Nicholls
|
0-0: Ball 1-0: Ball 2-0: DOUBLE (Line Drive, 7LM) Ray John scores
|
Batting: RHB Domenic Gallard
|
0-0: Called Strike 0-1: Ball 1-1: Ball 2-1: Fly out, F8 (Flyball, 8LM)
|
Bottom of the 3rd over - 1 run(s), 2 hit(s), 0 error(s), 1 left on base; Wilmington 0 - Vermont 4 |
TOP OF THE 4TH |
Wilmington Bay Hawks batting - Pitching for Vermont Lake Monsters : RHP Jurgen Sagebrecht
|
Batting: RHB Tanyu Kimura
|
0-0: Ball 1-0: Called Strike 1-1: Ball 2-1: Called Strike 2-2: SINGLE (Groundball, 5D)
|
Batting: LHB Brad Lawrence
|
0-0: Fly out, F8 (Flyball, 8LM)
|
Batting: RHB Byron Isaacson
|
0-0: Swinging Strike 0-1: Ball 1-1: SINGLE (Line Drive, 7S) Tanyu Kimura to second
|
Batting: RHB Artie Miller
|
0-0: Fly out, F6 (Popup, 56D)
|
Batting: RHB Raúl Javier Jr.
|
0-0: Called Strike 0-1: Ball 1-1: Swinging Strike 1-2: Strikes out swinging
|
Top of the 4th over - 0 run(s), 2 hit(s), 0 error(s), 2 left on base; Wilmington 0 - Vermont 4 |
BOTTOM OF THE 4TH |
Vermont Lake Monsters batting - Pitching for Wilmington Bay Hawks : RHP Riley Breckenridge
|
Batting: RHB Barkley B. Cooltimes
|
0-0: Ground out 5-3 (Groundball, 56)
|
Batting: RHB Teddy Pelham
|
0-0: Ball 1-0: Fly out, F8 (Flyball, 8RD)
|
Batting: RHB Fernando Castro
|
0-0: Ball 1-0: Fly out, F1 (Line Drive, 15)
|
Bottom of the 4th over - 0 run(s), 0 hit(s), 0 error(s), 0 left on base; Wilmington 0 - Vermont 4 |
TOP OF THE 5TH |
Wilmington Bay Hawks batting - Pitching for Vermont Lake Monsters : RHP Jurgen Sagebrecht
|
Batting: RHB Phil Terry
|
0-0: Swinging Strike 0-1: Fly out, F8 (Flyball, 8LM)
|
Batting: RHB Clarence Therrien
|
0-0: Ball 1-0: SOLO HOME RUN (Flyball, 89D), Distance : 408 ft
|
Batting: RHB Jaime Chavarriaga
|
0-0: Ball 1-0: Foul Ball, location: 2F 1-1: DOUBLE (Line Drive, 8LXD)
|
Batting: LHB Phil Parkinson
|
0-0: Ground out U3 (Groundball, 34) Jaime Chavarriaga to third
|
Batting: RHB Tanyu Kimura
|
0-0: Swinging Strike 0-1: Foul Ball, location: 2F 0-2: Ball 1-2: Foul Ball, location: 2F 1-2: Strikes out swinging
|
Top of the 5th over - 1 run(s), 2 hit(s), 0 error(s), 1 left on base; Wilmington 1 - Vermont 4 |
BOTTOM OF THE 5TH |
Vermont Lake Monsters batting - Pitching for Wilmington Bay Hawks : RHP Riley Breckenridge
|
Batting: RHB Rafael Pueblo
|
0-0: Fly out, F8 (Flyball, 8LD)
|
Batting: LHB Tim Hill
|
0-0: Fly out, F7 (Flyball, 78XD)
|
Batting: RHB Ray John
|
0-0: DOUBLE (Flyball, 89M)
|
Batting: RHB Sean MacKnight
|
0-0: Called Strike 0-1: Fly out, F4 (Popup, 4M)
|
Bottom of the 5th over - 0 run(s), 1 hit(s), 0 error(s), 1 left on base; Wilmington 1 - Vermont 4 |
TOP OF THE 6TH |
Wilmington Bay Hawks batting - Pitching for Vermont Lake Monsters : RHP Jurgen Sagebrecht
|
Batting: LHB Brad Lawrence
|
0-0: Foul Ball, location: 2F 0-1: Foul Ball, location: 2F 0-2: Ground out 6-3 (Groundball, 6MS)
|
Batting: RHB Byron Isaacson
|
0-0: Ball 1-0: Fly out, F9 (Flyball, 9S)
|
Batting: RHB Artie Miller
|
0-0: Swinging Strike 0-1: Foul Ball, location: 2F 0-2: Ball 1-2: Ball 2-2: Foul Ball, location: 2F 2-2: Ball 3-2: Foul Ball, location: 2F 3-2: Ground out 5-3 (Groundball, 56)
|
Top of the 6th over - 0 run(s), 0 hit(s), 0 error(s), 0 left on base; Wilmington 1 - Vermont 4 |
BOTTOM OF THE 6TH |
Vermont Lake Monsters batting - Pitching for Wilmington Bay Hawks : RHP Riley Breckenridge
|
Batting: RHB Bronson Nicholls
|
0-0: Fly out, F7 (Flyball, 7S)
|
Batting: RHB Domenic Gallard
|
0-0: Ball 1-0: Ball 2-0: Called Strike 2-1: Called Strike 2-2: SINGLE (Groundball, 4MD)
|
Batting: RHB Barkley B. Cooltimes
|
0-0: Ball 1-0: Ball 2-0: Foul Ball, location: 2F 2-1: Called Strike 2-2: Foul Ball, location: 2F 2-2: Grounds into double play, 6-4-3 (Groundball, 6)
|
Bottom of the 6th over - 0 run(s), 1 hit(s), 0 error(s), 0 left on base; Wilmington 1 - Vermont 4 |
TOP OF THE 7TH |
Wilmington Bay Hawks batting - Pitching for Vermont Lake Monsters : RHP Jurgen Sagebrecht
|
Batting: RHB Raúl Javier Jr.
|
0-0: DOUBLE (Line Drive, 8LD)
|
Batting: RHB Phil Terry
|
0-0: Called Strike 0-1: Ball 1-1: Foul Ball, location: 2F 1-2: SINGLE (Line Drive, 34) Raúl Javier Jr. to third
|
Batting: RHB Clarence Therrien
|
0-0: Grounds into double play, 5-4-3 (Groundball, 56) Raúl Javier Jr. scores
|
Batting: RHB Jaime Chavarriaga
|
0-0: Called Strike 0-1: Called Strike 0-2: Ball 1-2: Ball 2-2: Ball 3-2: Strikes out looking
|
Top of the 7th over - 1 run(s), 2 hit(s), 0 error(s), 0 left on base; Wilmington 2 - Vermont 4 |
BOTTOM OF THE 7TH |
Vermont Lake Monsters batting - Pitching for Wilmington Bay Hawks : RHP Riley Breckenridge
|
Batting: RHB Teddy Pelham
|
0-0: Ball 1-0: Ball 2-0: Ball 3-0: Called Strike 3-1: Ground out 4-3 (Groundball, 4)
|
Batting: RHB Fernando Castro
|
0-0: Called Strike 0-1: Foul Ball, location: 2F 0-2: Foul Ball, location: 2F 0-2: Strikes out swinging
|
Batting: RHB Rafael Pueblo
|
0-0: Called Strike 0-1: Ball 1-1: Ball 2-1: Ball 3-1: Fly out, F9 (Flyball, 9)
|
Bottom of the 7th over - 0 run(s), 0 hit(s), 0 error(s), 0 left on base; Wilmington 2 - Vermont 4 |
TOP OF THE 8TH |
Wilmington Bay Hawks batting - Pitching for Vermont Lake Monsters : RHP Jurgen Sagebrecht
|
Batting: LHB Phil Parkinson
|
0-0: Ball 1-0: SINGLE (Groundball, 6S) (infield hit)
|
Batting: RHB Tanyu Kimura
|
0-0: Ball 1-0: Called Strike 1-1: Foul Ball, location: 2F 1-2: Grounds into double play, 5-4-3 (Groundball, 56)
|
Batting: LHB Brad Lawrence
|
0-0: Called Strike 0-1: Foul Ball, location: 2F 0-2: Strikes out looking
|
Top of the 8th over - 0 run(s), 1 hit(s), 0 error(s), 0 left on base; Wilmington 2 - Vermont 4 |
BOTTOM OF THE 8TH |
Vermont Lake Monsters batting - Pitching for Wilmington Bay Hawks : RHP Riley Breckenridge
|
Batting: LHB Tim Hill
|
0-0: Ball 1-0: Fly out, F7 (Flyball, 7S)
|
Batting: RHB Ray John
|
0-0: Called Strike 0-1: SINGLE (Line Drive, 7S)
|
Batting: RHB Sean MacKnight
|
0-0: Ball 1-0: Ground out 6-3 (Groundball, 56D) Ray John to second
|
Pitching: RHP Manny Hernández
|
|
Batting: RHB Bronson Nicholls
|
0-0: Called Strike 0-1: Foul Ball, location: 2F 0-2: Strikes out swinging
|
Bottom of the 8th over - 0 run(s), 1 hit(s), 0 error(s), 1 left on base; Wilmington 2 - Vermont 4 |
TOP OF THE 9TH |
Wilmington Bay Hawks batting - Pitching for Vermont Lake Monsters : RHP Jurgen Sagebrecht
|
Pitching: LHP Norberto Quintana
|
|
Batting: RHB Byron Isaacson
|
0-0: Ball 1-0: Foul Ball, location: 2F 1-1: Foul Ball, location: 2F 1-2: Fly out, F8 (Line Drive, 8LM)
|
Batting: RHB Artie Miller
|
0-0: Foul Ball, location: 2F 0-1: Swinging Strike 0-2: Foul Ball, location: 2F 0-2: Foul Ball, location: 2F 0-2: Ball 1-2: Ground out 6-3 (Groundball, 6)
|
Batting: RHB Raúl Javier Jr.
|
0-0: Foul Ball, location: 2F 0-1: SINGLE (Groundball, 6MD)
|
Batting: RHB Phil Terry
|
0-0: Foul Ball, location: 2F 0-1: Ball 1-1: Swinging Strike 1-2: SINGLE (Line Drive, 4D) Raúl Javier Jr. to second
|
Batting: RHB Clarence Therrien
|
0-0: SINGLE (Groundball, 34D) Raúl Javier Jr. to third Phil Terry to second Runner from 3rd tries for Home, SAFE, no throw
|
Pinch Hitting: RHB Raúl Guerrero
|
0-0: Foul Ball, location: 2F 0-1: Ball 1-1: Ball 2-1: Fly out, F7 (Flyball, 7)
|
Top of the 9th over - 1 run(s), 3 hit(s), 0 error(s), 2 left on base; Wilmington 3 - Vermont 4 |
|